 Dungeon Crawl Stone Soup version 0.23-a0-99-g417c70ba38 (webtiles) character file.

5861 LuciusDrakus the Cleaver (level 10, -5/138 (139) HPs)
             Began as a Minotaur Berserker on Aug 12, 2018.
             Was a High Priest of Trog.
             Slain by a troll (9 damage)
             ... on level 1 of the Orcish Mines on Aug 18, 2018.
             The game lasted 01:57:48 (11402 turns).

LuciusDrakus the Cleaver (Minotaur Berserker)      Turns: 11402, Time: 01:57:49

HP:   -5/138 (139)  AC: 13    Str: 29    XL:     10   Next: 52%
MP:   13/13         EV: 10    Int:  5    God:    Trog [*****.]
Gold: 341           SH:  4    Dex: 10    Spells: 9/9 levels left

rFire    . . .     SeeInvis .   B - +0 hand axe (vamp)
rCold    . . .     Gourm    .   (no shield)
rNeg     . . .     Faith    .   o - +0 chain mail (curse)
rPois    .         Spirit   .   (helmet restricted)
rElec    .         Reflect  +   J - +1 cloak
rCorr    .         Harm     .   (no gloves)
MR       .....                  (no boots)
Stlth    ..........             s - +4 amulet of reflection
HPRegen  0.33/turn              (no ring)
MPRegen  0.13/turn              (no ring)

@: berserking, very quick
A: retaliatory headbutt, horns 2
a: Berserk, Trog's Hand, Brothers in Arms, Renounce Religion


You were on level 1 of the Orcish Mines.
You worshipped Trog.
Trog was extremely pleased with you.
You were hungry.

You visited 3 branches of the dungeon, and saw 11 of its levels.
You also visited: Sewer and Ossuary.

You collected 341 gold pieces.

Inventory:

Hand Weapons
 a - a +0 hand axe
 b - a +0 hunting sling
 j - a +0 hand crossbow
 w - a +0 blowgun
 B - a +0 vampiric hand axe (weapon)
 H - a +0 shortbow
Missiles
 c - 9 sling bullets
 f - 241 stones (quivered)
 p - 4 tomahawks
 q - 139 arrows
 v - 35 poisoned needles
 I - 4 needles of sleeping
 O - a throwing net
 Q - 22 bolts
Armour
 o - a cursed +0 chain mail (worn)
 J - a +1 cloak (worn)
 K - a +0 ring mail
Jewellery
 s - a +4 amulet of reflection (around neck)
Wands
 g - a wand of flame (18)
 N - a wand of paralysis (9)
Scrolls
 h - 6 scrolls of teleportation {unknown}
 n - 6 scrolls of remove curse {unknown}
 u - 4 scrolls of fog {unknown}
 y - a scroll of fear {unknown}
 A - a scroll of summoning {unknown}
 D - a scroll of silence {unknown}
 M - a scroll of enchant armour {unknown}
Potions
 e - 2 potions of agility
 i - 2 potions of ambrosia
 k - 4 potions of haste
 l - 3 potions of curing
 m - 3 potions of mutation
 r - 3 potions of heal wounds
 t - 2 potions of brilliance {unknown}
 z - a potion of might
 C - 4 potions of degeneration
 E - a potion of berserk rage {unknown}
 F - a potion of lignification {unknown}
 G - a potion of invisibility {unknown}
 L - 2 potions of flight
 P - a potion of magic {unknown}
Comestibles
 d - 5 rations
 x - 4 chunks of flesh


   Skills:
 + Level 10.0 Fighting
 + Level 11.3 Axes
 + Level 9.6 Armour
 - Level 3.1 Dodging
 + Level 5.9 Evocations


You had 9 spell levels left.
You didn't know any spells.
Your spell library contained the following spells:

 Spells                   Type           Power        Failure   Level  Hunger
 Flame Tongue             Conj/Fire      #....        91%         1    ##.....
 Magic Dart               Conj           #...         91%         1    ##.....
 Searing Ray              Conj           #.....       97%         2    ###....
 Throw Flame              Conj/Fire      #.....       97%         2    ###....
 Conjure Flame            Conj/Fire      #.......     100%        3    ####...
 Dazzling Spray           Conj/Hex       #.....       100%        3    ####...
 Inner Flame              Hex/Fire       #.......     100%        3    ####...
 Force Lance              Conj/Tloc      #.......     100%        4    #####..
 Fulminant Prism          Conj/Hex       #.........   100%        4    #####..
 Iskenderun's Mystic Bla  Conj           #.......     100%        4    #####..
 Sticky Flame             Conj/Fire      #.......     100%        4    #####..
 Fireball                 Conj/Fire      #.........   100%        5    ######.


Dungeon Overview and Level Annotations

Branches:
Dungeon (10/15)            Temple (1/1) D:7             Orc (1/2) D:10
   Lair: D:8-11

Altars:
Cheibriados
Dithmenos
Elyvilon
Fedhas
Gozag
Hepliaklqana
Kikubaaqudgha
Makhleb
Nemelex Xobeh
Okawaru
Qazlal
Ru
Sif Muna
Trog
Uskayaw
Vehumet
Wu Jian
Xom
Yredelemnul
Zin
The Shining One

Portals:
Trove: D:10 (give +6 demon whip)

Annotations:
D:8 Prince Ribbit


Innate Abilities, Weirdness & Mutations

You reflexively headbutt those who attack you in melee.
You have a pair of horns on your head.


Message History

The warg bites you.
* * * LOW HITPOINT WARNING * * *
The orc warrior hits you from afar with a trident!
* * * LOW HITPOINT WARNING * * *
The troll barely misses you. You block the troll's attack. The troll claws you.
* * * LOW HITPOINT WARNING * * *
You block the orc warrior's attack.
You are too injured to fight recklessly!
You are too injured to fight recklessly!
You closely miss the warg.
The warg is heavily wounded.
You closely miss the troll. The warg bites you.
* * * LOW HITPOINT WARNING * * *
You are too berserk!
You hit the warg but do no damage. You headbutt the warg!
The warg is almost dead.
You closely miss the troll. The troll bites you!
* * * LOW HITPOINT WARNING * * *
The troll claws you!
You die...

..... ##..............
......###.#....).......##
......#........#........#
............)†...........
.##...†.)............
##.o..............##
##ooo...#.........#
#.hT#..###.>.....#
##@######....#...# ###
#.........## #.....^....#
##<).)....# #.).......#
##.....#.## #......###
#.......# #.......#..


You could see a troll, a warg, 2 orc warriors and 2 orcs.

Vanquished Creatures
  Erica (D:8)
  A gargoyle (D:10)
  A troll (D:10)
  Grinder (D:6)
  A hippogriff (D:7)
  A wraith (Ossuary)
  A hungry ghost (D:7)
  Duvessa (D:6)
  A black bear (D:7)
  An ice beast (D:6)
  4 sky beasts
  3 phantoms
  2 necrophages
  3 ogres
  4 centaurs
  4 big kobolds (Sewer)
  Dowan (D:6)
  5 killer bees (D:10)
  3 electric eels
  8 wights
  3 howler monkeys (D:10)
  A bullfrog zombie (D:2)
  A bullfrog skeleton (D:6)
  2 jellies (D:7)
  6 orc priests
  4 orc wizards
  A centaur skeleton (D:10)
  3 hounds
  4 iguanas
  8 worker ants
  A mummy (Ossuary)
  2 howler monkey zombies
  17 adders
  4 river rats
  2 shadow imps
  5 oozes
  2 adder skeletons
  9 worms
  A dart slug (D:1)
  4 leopard geckos
  26 orcs
  6 ball pythons
  6 giant cockroaches
  4 hobgoblins
  2 jackals (D:7)
  16 kobolds
  A quokka (D:3)
  5 bats
  4 frilled lizards
  8 gnoll skeletons (Ossuary)
  12 goblins
  8 kobold skeletons (Ossuary)
  2 leopard gecko skeletons
  9 orc skeletons (Ossuary)
  9 rats
  A spectral orc (D:2)
246 creatures vanquished.

Notes
Turn   | Place    | Note
-------+----------+-------------------------------------------
     0 | D:1      | LuciusDrakus the Minotaur Berserker began the quest for the Orb.
     0 | D:1      | Reached XP level 1. HP: 19/19 MP: 0/0
   191 | D:1      | Reached XP level 2. HP: 23/27 MP: 1/1
   257 | D:1      | Reached skill level 4 in Axes
   921 | D:2      | Reached XP level 3. HP: 33/33 MP: 2/2
   962 | D:2      | Found a basalt altar of Yredelemnul.
  1437 | D:2      | Reached ** piety under Trog
  1677 | D:2      | Reached XP level 4. HP: 40/40 MP: 3/3
  1683 | D:2      | Reached skill level 5 in Axes
  1887 | D:2      | Found a burning altar of Makhleb.
  1994 | D:3      | Reached XP level 5. HP: 40/47 MP: 4/4
  2478 | D:3      | Found a glowing drain.
  2569 | Sewer    | Entered a sewer
  2668 | Sewer    | Reached skill level 5 in Fighting
  2668 | Sewer    | Reached skill level 6 in Axes
  2668 | Sewer    | Reached XP level 6. HP: 55/56 MP: 5/5
  3101 | Sewer    | Reached *** piety under Trog
  3118 | Sewer    | Reached skill level 7 in Axes
  3118 | Sewer    | Reached XP level 7. HP: 62/62 MP: 6/6
  3349 | Sewer    | Reached skill level 5 in Armour
  4038 | D:4      | Found an ancient bone altar of Kikubaaqudgha.
  4231 | D:4      | Reached skill level 8 in Axes
  4891 | D:4      | Reached XP level 8. HP: 67/71 MP: 7/7
  4952 | D:4      | Upgraded the game from 0.23-a0-79-gaa8cc03057 to 0.23-a0-94-g44dc95ea49
  5075 | D:4      | Found a stormy altar of Qazlal.
  5192 | D:5      | Entered Level 5 of the Dungeon
  5224 | D:5      | Found a transporter.
  5253 | D:5      | Found a transporter.
  5300 | D:5      | Reached skill level 1 in Evocations
  5454 | D:5      | Reached **** piety under Trog
  5753 | D:5      | Found a sand-covered staircase.
  5765 | Ossuary  | Entered an ossuary
  6108 | D:5      | Reached skill level 9 in Axes
  6239 | D:5      | Found a glowing golden altar of the Shining One.
  7015 | D:6      | Noticed Dowan
  7028 | D:6      | Killed Dowan
  7037 | D:6      | Noticed Duvessa
  7058 | D:6      | Killed Duvessa
  7276 | D:6      | Noticed Grinder
  7283 | D:6      | Paralysed by Grinder for 4 turns
  7305 | D:6      | Paralysed by Grinder for 5 turns
  7311 | D:6      | Killed Grinder
  7311 | D:6      | Reached XP level 9. HP: 55/80 MP: 10/10
  7484 | D:6      | Found a sacrificial altar of Ru.
  7638 | D:6      | Found an opulent altar of Gozag.
  7848 | D:6      | Found an opulent altar of Gozag.
  8412 | D:7      | Upgraded the game from 0.23-a0-94-g44dc95ea49 to 0.23-a0-99-g417c70ba38
  8444 | D:7      | Reached skill level 10 in Axes
  8712 | D:7      | Found an iron altar of Okawaru.
  8917 | D:7      | Found a staircase to the Ecumenical Temple.
  9225 | D:7      | Found an ornate altar of the Wu Jian Council.
  9736 | D:7      | Found a deep blue altar of Sif Muna.
  9793 | Temple   | Entered the Ecumenical Temple
 10012 | D:8      | Noticed Prince Ribbit
 10078 | D:8      | Noticed Erica
 10090 | D:8      | Killed Erica
 10090 | D:8      | Reached skill level 5 in Evocations
 10090 | D:8      | Reached XP level 10. HP: 91/91 MP: 12/12
 10099 | D:8      | You fall through a shaft for 2 floors!
 10099 | D:10     | Entered Level 10 of the Dungeon
 10383 | D:10     | Reached ***** piety under Trog
 10395 | D:10     | Reached skill level 11 in Axes
 10396 | D:10     | Noticed a gargoyle
 10412 | D:10     | Killed a gargoyle
 10561 | D:10     | Found a staircase to the Orcish Mines.
 10683 | D:10     | Reached skill level 10 in Fighting
 10856 | D:10     | Found a portal to a secret trove of treasure.
 11208 | Orc:1    | Entered Level 1 of the Orcish Mines
 11402 | Orc:1    | HP: 4/138 [troll (10)]
 11402 | Orc:1    | Slain by a troll

Vault maps used:
D:1:      kennysheep_arrival_forest
D:2:      makhleb_heckhound_becter, yredelemnul_forgotten_temple_becter
D:3:      first_ration, portal_sewer_entry_c
D:4:      lemuel_crystal_altar, minmay_strange_pillars, lemuel_tele_altar
D:5:      gammafunk_steamed_eel, kennysheep_mini_moat, enter_ossuary_2,
          kennysheep_generic_room_9
D:6:      overflow_temple_1_default, old_standard_altar, nicolae_water_bricks,
          nicolae_gozag_seed_capital, uniq_duvessa, uniq_grinder
D:7:      lemuel_blue_sif_altar, okawaru_trees_1, lemuel_doored_altar,
          minmay_temple_entry_hall, st_stairs_8, grunt_ogre_cave
D:8:      ashenzari_conservatory_becter, lair_entry_dummy, uniq_prince_ribbit1,
          uniq_harold, uniq_erica
D:10:     orc_0_dummy, enter_trove_3
Temple:   nicolae_temple_hex_pool
Sewer:    sewer_co_tree
Ossuary:  ossuary_due_mausoleum

Skill      XL: |  1  2  3  4  5  6  7  8  9 10 |
---------------+-------------------------------+-----
Fighting       | 4 5 6 7 9 10 | 10.0
Axes           | 4 5 6 7 8 9 10 11 | 11.3
Armour         | 3 4 5 7 9 |  9.6
Dodging        | 3 |  3.1
Evocations     | 3 5 |  5.9

Action                   |  1- 3 |  4- 6 |  7- 9 | 10-12 || total
-------------------------+-------+-------+-------+-------++-------
Melee: Hand axe          |    83 |   192 |   490 |   127 ||   892
       Headbutt          |    13 |    25 |    99 |    22 ||   159
 Fire: Hunting sling     |    15 |    20 |       |       ||    35
Throw: Stone             |     1 |     7 |   118 |    23 ||   149
Invok: Berserk           |       |     1 |       |     1 ||     2
Evoke: Wand              |       |       |    34 |    18 ||    52
  Use: Scroll            |       |     3 |     8 |     1 ||    12
       Potion            |       |       |     3 |       ||     3
 Stab: Paralysed         |       |       |       |     8 ||     8
  Eat: Chunk             |     2 |     7 |    11 |     2 ||    22
       Ration            |       |       |     8 |       ||     8
Armor: Animal skin       |     2 |       |       |       ||     2
       Ring mail         |    37 |       |       |       ||    37
       Chain mail        |     5 |    68 |   192 |    53 ||   318
Dodge: Dodged            |    51 |    71 |   149 |    41 ||   312
Block: Other             |       |       |    35 |    21 ||    56
       Reflection        |       |       |     3 |     1 ||     4

Table legend:
 A = Non-vault XP
 B = Vault XP
 C = Vault XP percentage of total XP
 D = Non-vault monster count
 E = Vault monster count
 F = Vault count percentage of total count
                 A         B        C        D         E       F
            +---------+---------+-------+---------+---------+-------
      Total |    5695 |    2679 |  32.0 |     174 |      72 |  29.3
            +---------+---------+-------+---------+---------+-------
        D:1 |      33 |       0 |   0.0 |      15 |       0 |   0.0
        D:2 |     120 |      41 |  25.5 |      27 |       2 |   6.9
        D:3 |     128 |      37 |  22.4 |      27 |       7 |  20.6
        D:4 |     574 |       0 |   0.0 |      25 |       0 |   0.0
        D:5 |     421 |     108 |  20.4 |      11 |       2 |  15.4
        D:6 |     800 |     504 |  38.7 |      16 |       3 |  15.8
        D:7 |    1483 |     249 |  14.4 |      20 |       2 |   9.1
        D:8 |       0 |     944 | 100.0 |       0 |       1 | 100.0
       D:10 |    1990 |       0 |   0.0 |      22 |       0 |   0.0
      Orc:1 |     146 |       0 |   0.0 |      11 |       0 |   0.0
      Sewer |       0 |     544 | 100.0 |       0 |      28 | 100.0
    Ossuary |       0 |     252 | 100.0 |       0 |      27 | 100.0
            +---------+---------+-------+---------+---------+-------
